 Dungeon Crawl Stone Soup version 0.29.1-13-g9f3cf754e1 (webtiles) character file.

Game seed: 1375515077265608378

427 croobank the Chiller (level 6, -1/67 HPs)
             Began as a Demigod Ice Elementalist on Feb 10, 2023.
             Slain by a bullfrog zombie (5 damage)
             ... in an ossuary.
             The game lasted 00:16:59 (4016 turns).

croobank the Chiller (Demigod Ice Elementalist)     Turns: 4016, Time: 00:16:59

Health: -1/67      AC:  9    Str:  9    XL:     6   Next: 37%
Magic:  2/14       EV: 17    Int: 25    God:
Gold:   1056       SH:  0    Dex: 14    Spells: 4/11 levels left

rFire   . . .      SeeInvis .   j - +0 trident
rCold   . . .      Faith    .   (no shield)
rNeg    . . .      Spirit   .   a - +0 robe
rPois   .          Reflect  .   c - +2 helmet
rElec   .          Harm     .   (no cloak)
rCorr   .          Rampage  .   (no gloves)
Will    .....                   (no boots)
Stlth   ..........              (no amulet)
HPRegen 0.21/turn               i - +4 ring of protection
MPRegen 0.14/turn               q - +4 ring of evasion

@: brilliant, berserking (expiring), attractive, quick
A: high MP 1, forlorn, divine attributes
a: no special abilities


You were in an ossuary.
You visited 1 branch of the dungeon, and saw 4 of its levels.
You also visited: Ossuary.

You collected 1056 gold pieces.

Inventory:

Hand Weapons
 d - a +0 falchion of draining
 e - a +0 dagger
 g - a +2 falchion
 j - a +0 trident (weapon)
 o - a +0 hand axe
Missiles
 n - 11 poisoned darts
 p - 4 atropa-tipped darts (quivered)
Armour
 a - a +0 robe (worn)
 c - a +2 helmet (worn)
Magical Staves
 l - a staff of fire
Jewellery
 i - a +4 ring of protection (left hand)
 q - a +4 ring of evasion (right hand)
Wands
 r - a wand of flame (21)
Scrolls
 b - a scroll of fear


   Skills:
 + Level 3.5 Dodging
 + Level 3.8 Stealth
 + Level 3.3 Spellcasting
 + Level 4.8 Ice Magic


You had 4 spell levels left.
You knew the following spells:

 Your Spells              Type           Power      Damage    Failure   Level
a - Freeze                Ice            100%       1d11      1%          1
b - Frozen Ramparts       Ice            84%        1d13      4%          3
c - Ozocubu's Armour      Ice            42%        N/A       4%          3

Your spell library contained the following spells:

 Spells                   Type           Power      Damage    Failure   Level
 Blink                    Tloc           12%        N/A       16%         2
 Lesser Beckoning         Tloc           6%         N/A       30%         3
 Hailstorm                Conj/Ice       24%        3d7       36%         4
 Manifold Assault         Tloc           6%         N/A       95%         5


Dungeon Overview and Level Annotations

Branches:
Dungeon (4/15)            Ossuary (1/1)
 Temple: D:4-7


Innate Abilities, Weirdness & Mutations

You have an increased reservoir of magic. (+10% MP)
You shall have no god before yourself.
Your divine heritage dramatically boosts your attributes as you level up.


Message History

The mummy is severely damaged.
The killer bee zombie hits you but does no damage.
The wyvern zombie completely misses you.
You completely miss the mummy.
The mummy is severely damaged.
The wyvern zombie bites you.
* * * LOW HITPOINT WARNING * * *
You enter the shallow water.
Moving in this stuff is going to be slow.
Found a scroll of teleportation and a scroll of enchant armour.
The killer bee zombie is attracted toward you.
Why would you want to do that?
Unknown command.
You puncture the wyvern zombie!
The wyvern zombie is moderately damaged.
The wyvern zombie closely misses you. The killer bee zombie misses you.
The bullfrog zombie is attracted toward you.
You hit the bullfrog zombie.
The bullfrog zombie is moderately damaged.
The wyvern zombie bites you but does no damage.
The bullfrog zombie misses you.
The killer bee zombie barely misses you.
The mummy hits you!
* * * LOW HITPOINT WARNING * * *
You are too berserk!
You puncture the mummy!
You destroy the mummy!
The killer bee zombie closely misses you.
The bullfrog zombie barely misses you. The wyvern zombie bites you.
* * * LOW HITPOINT WARNING * * *
You puncture the mummy!
The mummy is heavily damaged.
The killer bee zombie hits you but does no damage.
The bullfrog zombie closely misses you. The wyvern zombie closely misses you.
The killer bee zombie misses you.
You hit the mummy.
The mummy is severely damaged.
The killer bee zombie hits you but does no damage.
The bullfrog zombie hits you.
You die...

~~≈~~ ≈#.#P≈ #
~#~~. ≈ .~..
#≈ #~~~#####
#≈###.~~#...#
#≈≈~#~~'.∩.#
#≈ZZM~.#..∩#
#≈≈##@Z#.#####
#≈≈#P~~~.#
#≈≈#≈##~~###
## ≈# ..# ≈≈
#~~? ### .#??
.####


You could see a mummy, a bullfrog zombie, a wyvern zombie and a killer bee
zombie.

Vanquished Creatures
  A centaur zombie (Ossuary)
  A bullfrog zombie (Ossuary)
  2 orc priests (D:3)
  2 hounds (D:4)
  An orc wizard (D:2)
  4 mummies
  Robin (D:3)
  3 gnolls (D:2)
  2 adders
  A worm (D:3)
  2 dart slugs
  9 orcs
  An endoplasm (D:2)
  2 giant cockroaches
  20 goblins
  5 hobgoblins
  A quokka (D:1)
  2 ball pythons (D:2)
  5 bats
  2 frilled lizards (D:1)
  A hobgoblin zombie (D:4)
  4 kobolds
  2 rats
74 creatures vanquished.

Vanquished Creatures (others)
  A fungus (D:1)
  3 plants (D:3)
  2 withered plants (Ossuary)
6 creatures vanquished.

Grand Total: 80 creatures vanquished

Notes
Turn   | Place    | Note
-------+----------+-------------------------------------------
     0 | D:1      | croobank the Demigod Ice Elementalist began the quest for
                  | the Orb.
     0 | D:1      | Reached XP level 1. HP: 14/14 MP: 5/5
   868 | D:2      | Reached XP level 2. HP: 20/20 MP: 7/7
  1054 | D:2      | Reached XP level 3. HP: 8/26 MP: 1/8
  1265 | D:2      | Learned a level 3 spell: Frozen Ramparts
  1674 | D:2      | Reached skill level 4 in Ice Magic
  1934 | D:2      | Reached XP level 4. HP: 15/33 MP: 3/10
  2147 | D:2      | Learned a level 3 spell: Ozocubu's Armour
  2507 | D:3      | Identified a scroll of acquirement
  2507 | D:3      | Acquired 927 gold pieces
  2779 | D:3      | Noticed Robin
  2799 | D:3      | Killed Robin
  2945 | D:3      | Reached XP level 5. HP: 35/38 MP: 1/12
  3927 | D:4      | Found a sand-covered staircase.
  3936 | Ossuary  | Entered an ossuary
  3968 | Ossuary  | Reached XP level 6. HP: 38/45 MP: 4/13
  4016 | Ossuary  | Slain by a bullfrog zombie

Illustrated notes

Levels and vault maps discovered:
D:1:      saegor_arrival_under_anarchy, layout_loops_ring,
          dreamdust_ecumenical_altar_grove
D:2:      layout_basic
D:3:      layout_loops_cross, mainiacjoe_overflow_boulevard,
          mainiacjoe_overflow_concentric_impassable, uniq_robin
D:4:      layout_cave_pods, nicolae_overflow_crystal_walls,
          nemelex_diamond_rough_becter, minmay_temple_entry_mini_moons,
          nicolae_ossuary_entry_giza
Ossuary:  ossuary_zaba_flooded

Skill      XL: |  1  2  3  4  5 |
---------------+----------------+-----
Stealth        | 2 3 |  3.8
Dodging        | 2 3 |  3.5
Spellcasting   | 2 3 |  3.3
Ice Magic      | 4 |  4.8

Action                   |  1- 3 |  4- 6 || total
-------------------------+-------+-------++-------
Melee: Dagger            |     7 |       ||     7
       Falchion          |    21 |    39 ||    60
       Trident           |       |    46 ||    46
       Punch             |       |     1 ||     1
 Cast: Freeze            |    22 |    18 ||    40
       Frozen Ramparts   |     8 |    24 ||    32
       Ozocubu's Armour  |       |    13 ||    13
  Use: Scroll            |     5 |     7 ||    12
       Potion            |     1 |     5 ||     6
 Stab: Sleeping          |     3 |     1 ||     4
Armor: Robe              |    31 |   118 ||   149
Dodge: Dodged            |    59 |   196 ||   255
